ORI
UNIVERSITY OF VIRGINIA CAVALIERS @ ARIZONA STATE UNIVERSITY SUN DEVILS
08/16/2047
 
TOP OF THE 1ST
University of Virginia Cavaliers batting - Pitching for Arizona State University Sun Devils : RHP Wallace Werner
Pitching: RHP Wallace Werner
Batting: RHB Scott Anderson 0-0: Swinging Strike
0-1: Called Strike
0-2: Foul Ball, location: 2F
0-2: Strikes out swinging, 2-3 out at first.
Batting: LHB Edelberto Barbas 0-0: Ball
1-0: Ball
2-0: Foul Ball, location: 2F
2-1: Foul Ball, location: 2F
2-2: Ball
3-2: Base on Balls
Batting: LHB Alex Aguilar 0-0: Ball
1-0: SINGLE (Groundball, 3D, EV 99.4 MPH)
Edelberto Barbas to second
Runner from 2nd tries for 3rd, SAFE, throw by RF made to third
Batting: LHB Ray Nichter 0-0: Fly out, F7 (Flyball, 78S, EV 72.5 MPH)
Batting: RHB Mike Llamas 0-0: Called Strike
0-1: Ball
1-1: Fly out, F8 (Flyball, 8RD, EV 99.4 MPH)
Top of the 1st over - 0 runs, 1 hit, 0 errors, 2 left on base; University of Virginia 0 - Arizona State University 0
BOTTOM OF THE 1ST
Arizona State University Sun Devils batting - Pitching for University of Virginia Cavaliers : RHP Omar Barajas
Pitching: RHP Omar Barajas
Batting: LHB Timon Giorgiou 0-0: Ball
1-0: Ball
2-0: Foul Ball, location: 2F
2-1: Foul Ball, location: 2F
2-2: Foul Ball, location: 2F
2-2: Strikes out swinging, 2-3 out at first.
Batting: RHB Alonzo Cardona 0-0: Ball
1-0: Called Strike
1-1: Called Strike
1-2: Strikes out swinging
Batting: LHB David Goad 0-0: Ground out U3 (Groundball, 3L, EV 98.1 MPH)
Bottom of the 1st over - 0 runs, 0 hits, 0 errors, 0 left on base; University of Virginia 0 - Arizona State University 0
TOP OF THE 2ND
University of Virginia Cavaliers batting - Pitching for Arizona State University Sun Devils : RHP Wallace Werner
Batting: RHB Luke Bertrand 0-0: Called Strike
0-1: DOUBLE (Line Drive, 78D, EV 105.0 MPH)
Batting: RHB Jose Velez 0-0: Ball
1-0: Called Strike
1-1: Foul Ball, location: 2F
1-2: Ball
2-2: Ball
3-2: Foul Ball, location: 2F
3-2: Strikes out looking
Batting: RHB Nick Cech 0-0: Ball
1-0: Ball
2-0: SINGLE (Flyball, 3D, EV 89.4 MPH)
Luke Bertrand to third
Runner from 3rd tries for Home, SAFE, throw by RF to home
Batting: RHB Tony Montoya 0-0: Called Strike
0-1: Swinging Strike
0-2: Ball
1-2: Ball
2-2: Grounds into double play, 5-4-3 (Groundball, 56, EV 96.9 MPH)
Top of the 2nd over - 1 run, 2 hits, 0 errors, 0 left on base; University of Virginia 1 - Arizona State University 0
BOTTOM OF THE 2ND
Arizona State University Sun Devils batting - Pitching for University of Virginia Cavaliers : RHP Omar Barajas
Batting: LHB Randy Marquez 0-0: Ball
1-0: Ball
2-0: Swinging Strike
2-1: Swinging Strike
2-2: Foul Ball, location: 2F
2-2: Strikes out swinging
Batting: RHB Chris DeLuise 0-0: Called Strike
0-1: Fly out, F9 (Flyball, 9D, EV 95.6 MPH)
Batting: SHB Manny Aponte 0-0: Ball
1-0: Ball
2-0: SOLO HOME RUN (Flyball, 7LD, EV 99.4 MPH), Distance : 369 ft
Batting: RHB Martin Boyle 0-0: Called Strike
0-1: Ball
1-1: Fly out, F9 (Flyball, 9LD, EV 98.1 MPH)
Bottom of the 2nd over - 1 run, 1 hit, 0 errors, 0 left on base; University of Virginia 1 - Arizona State University 1
TOP OF THE 3RD
University of Virginia Cavaliers batting - Pitching for Arizona State University Sun Devils : RHP Wallace Werner
Batting: RHB Scott Anderson 0-0: Ball
1-0: Ball
2-0: Ground out 6-3 (Groundball, 6, EV 91.2 MPH)
Batting: LHB Edelberto Barbas 0-0: Ball
1-0: Called Strike
1-1: Ball
2-1: Ball
3-1: Foul Ball, location: 2F
3-2: Base on Balls
Batting: LHB Alex Aguilar 0-0: Called Strike
0-1: Ball
1-1: Ball
2-1: Fielders Choice at 2nd, 4-6 (Groundball, 4M, EV 105.0 MPH)
Batting: LHB Ray Nichter 0-0: Called Strike
0-1: TRIPLE (Line Drive, 7D, EV 111.2 MPH)
Alex Aguilar scores
Batting: RHB Mike Llamas 0-0: Swinging Strike
0-1: Called Strike
0-2: Foul Ball, location: 2F
0-2: Ball
1-2: SINGLE (Groundball, P, EV 85.0 MPH) (infield hit)
Ray Nichter scores
Batting: RHB Luke Bertrand 0-0: Called Strike
0-1: Swinging Strike
0-2: DOUBLE (Line Drive, 7LM, EV 105.6 MPH)
Mike Llamas to third
Batting: RHB Jose Velez 0-0: Ball
1-0: Called Strike
1-1: Swinging Strike
1-2: Ball
2-2: SINGLE (Groundball, 4S, EV 68.8 MPH) (infield hit)
Mike Llamas scores
Luke Bertrand to third
Batting: RHB Nick Cech 0-0: Ball
1-0: Fly out, F9 (Flyball, 9LSF, EV 97.5 MPH)
Top of the 3rd over - 3 runs, 4 hits, 0 errors, 2 left on base; University of Virginia 4 - Arizona State University 1
BOTTOM OF THE 3RD
Arizona State University Sun Devils batting - Pitching for University of Virginia Cavaliers : RHP Omar Barajas
Batting: RHB John Burgis 0-0: Swinging Strike
0-1: Ball
1-1: Swinging Strike
1-2: Ball
2-2: SOLO HOME RUN (Flyball, 7LD, EV 96.9 MPH), Distance : 379 ft
Batting: RHB Carl Evans 0-0: Foul Ball, location: 2F
0-1: Called Strike
0-2: Strikes out looking
Batting: LHB Timon Giorgiou 0-0: DOUBLE (Line Drive, 78XD, EV 109.4 MPH)
Batting: RHB Alonzo Cardona 0-0: Ball
Timon Giorgiou steals 3rd base
1-0: Ball
2-0: Swinging Strike
2-1: Ball
3-1: Called Strike
3-2: Strikes out swinging
Batting: LHB David Goad 0-0: Fly out, F7 (Flyball, 78M, EV 88.8 MPH)
Bottom of the 3rd over - 1 run, 2 hits, 0 errors, 1 left on base; University of Virginia 4 - Arizona State University 2
TOP OF THE 4TH
University of Virginia Cavaliers batting - Pitching for Arizona State University Sun Devils : RHP Wallace Werner
Pitching: RHP Raul Vargas
Batting: RHB Tony Montoya 0-0: Ball
1-0: Ball
2-0: Ball
3-0: Base on Balls
Pinch Hitting: RHB Matt Morales 0-0: Foul Ball, location: 2F
0-1: Foul Ball, location: 2F
0-2: Foul Ball, location: 2F
0-2: TRIPLE (Line Drive, 9LD, EV 111.9 MPH)
Tony Montoya scores
Batting: LHB Edelberto Barbas 0-0: Called Strike
0-1: Fly out, F7 (Flyball, 7S, EV 86.2 MPH)
Pinch Hitting: RHB Jason Lambert 0-0: Called Strike
0-1: Foul Ball, location: 2F
0-2: Foul Ball, location: 2F
0-2: Foul Ball, location: 2F
0-2: Fly out, F8 (Flyball, 78D, EV 72.5 MPH)
Runner from 3rd tags up, SCORES, no throw by CF
Pinch Hitting: RHB Maurice McDonald 0-0: Ball
1-0: Called Strike
1-1: Ground out 4-3 (Groundball, 4, EV 105.0 MPH)
Top of the 4th over - 2 runs, 1 hit, 0 errors, 0 left on base; University of Virginia 6 - Arizona State University 2
BOTTOM OF THE 4TH
Arizona State University Sun Devils batting - Pitching for University of Virginia Cavaliers : RHP Omar Barajas
Now at 1B: Jeremy Weber
Now at SS: Maurice McDonald
Now in LF: Matt Morales
Batting: LHB Randy Marquez 0-0: Called Strike
0-1: Ball
1-1: Foul Ball, location: 2F
1-2: Foul Ball, location: 2F
1-2: SINGLE (Line Drive, 4D, EV 94.4 MPH)
Batting: RHB Chris DeLuise 0-0: Ball
1-0: Called Strike
1-1: Ball
2-1: Foul Ball, location: 2F
2-2: Strikes out swinging
Batting: SHB Manny Aponte 0-0: Ball
1-0: Ball
2-0: Ball
Randy Marquez is caught stealing 2nd base 2-6
3-0: Called Strike
3-1: Swinging Strike
3-2: Ground out 6-3 (Groundball, 6MD, EV 88.8 MPH)
Bottom of the 4th over - 0 runs, 1 hit, 0 errors, 0 left on base; University of Virginia 6 - Arizona State University 2
TOP OF THE 5TH
University of Virginia Cavaliers batting - Pitching for Arizona State University Sun Devils : RHP Raul Vargas
Now in LF: Dustin Gill
Now in CF: Burraga Iukini
Batting: RHB Mike Llamas 0-0: Fly out, F4 (Popup, 4D, EV 42.5 MPH)
Batting: RHB Luke Bertrand 0-0: Called Strike
0-1: Ball
1-1: Ball
2-1: Ball
3-1: Foul Ball, location: 2F
3-2: Base on Balls
Pinch Hitting: SHB Ethan Lewis 0-0: Ball
1-0: Swinging Strike
1-1: Foul Ball, location: 2F
1-2: Strikes out swinging
Pinch Hitting: RHB Allen McCaskill 0-0: Called Strike
0-1: Ball
1-1: Foul Ball, location: 2F
1-2: Ball
2-2: Strikes out swinging
Top of the 5th over - 0 runs, 0 hits, 0 errors, 1 left on base; University of Virginia 6 - Arizona State University 2
BOTTOM OF THE 5TH
Arizona State University Sun Devils batting - Pitching for University of Virginia Cavaliers : RHP Omar Barajas
Pitching: RHP Joe Miller
Now at C: Mink Hendriks
Now at 2B: Jason Thresher
Now at 3B: Allen McCaskill
Now in CF: Billy Wells
Batting: RHB Martin Boyle 0-0: Called Strike
0-1: Ball
1-1: Swinging Strike
1-2: Strikes out swinging
Batting: RHB John Burgis 0-0: Foul Ball, location: 2F
0-1: Ball
1-1: Swinging Strike
1-2: Ball
2-2: Ball
3-2: Fly out, F7 (Flyball, 7S, EV 78.8 MPH)
Batting: RHB Carl Evans 0-0: Ball
1-0: Swinging Strike
1-1: Called Strike
1-2: Ball
2-2: Foul Ball, location: 2F
2-2: Ball
3-2: Fly out, F7 (Flyball, 7, EV 90.0 MPH)
Bottom of the 5th over - 0 runs, 0 hits, 0 errors, 0 left on base; University of Virginia 6 - Arizona State University 2
TOP OF THE 6TH
University of Virginia Cavaliers batting - Pitching for Arizona State University Sun Devils : RHP Raul Vargas
Pitching: LHP Nick Segar
Now at C: Israel Tobias
Now at 1B: David Krebs
Now at 2B: Kawenaula Kapali
Now at SS: Bobby Johannsen
Batting: RHB Jason Thresher 0-0: Ball
1-0: Called Strike
1-1: Ball
2-1: Ground out 1-3 (Groundball, 13S, EV 71.9 MPH)
Batting: RHB Matt Morales 0-0: Swinging Strike
0-1: Foul Ball, location: 2F
0-2: Ball
1-2: Fly out, F8 (Flyball, 8LS, EV 71.2 MPH)
Batting: RHB Leo Baxter 0-0: Ground out 5-3 (Groundball, 56, EV 81.9 MPH)
Top of the 6th over - 0 runs, 0 hits, 0 errors, 0 left on base; University of Virginia 6 - Arizona State University 2
BOTTOM OF THE 6TH
Arizona State University Sun Devils batting - Pitching for University of Virginia Cavaliers : RHP Joe Miller
Batting: LHB Dustin Gill 0-0: Ball
1-0: Called Strike
1-1: Foul Ball, location: 2F
1-2: Foul Ball, location: 2F
1-2: Ground out 5-3 (Groundball, 56S, EV 72.5 MPH)
Batting: RHB David Krebs 0-0: Ball
1-0: Foul Ball, location: 2F
1-1: Foul Ball, location: 2F
1-2: Fly out, F8 (Flyball, 8LM, EV 93.1 MPH)
Pinch Hitting: RHB Bill Callbeck 0-0: Ball
1-0: Called Strike
1-1: Foul Ball, location: 2F
1-2: Foul Ball, location: 2F
1-2: Strikes out looking
Bottom of the 6th over - 0 runs, 0 hits, 0 errors, 0 left on base; University of Virginia 6 - Arizona State University 2
TOP OF THE 7TH
University of Virginia Cavaliers batting - Pitching for Arizona State University Sun Devils : LHP Nick Segar
Pitching: RHP Georges Pruvost
Now in RF: Bill Callbeck
Batting: RHB Jeremy Weber 0-0: Swinging Strike
0-1: Ball
1-1: Foul Ball, location: 2F
1-2: Ball
2-2: Foul Ball, location: 2F
2-2: Fly out, F7 (Flyball, 7S, EV 90.0 MPH)
Batting: RHB Maurice McDonald 0-0: Called Strike
0-1: Ball
1-1: Ground out U3 (Groundball, 3, EV 92.5 MPH)
Batting: RHB Billy Wells 0-0: Ground out 4-3 (Groundball, 4S, EV 66.2 MPH)
Top of the 7th over - 0 runs, 0 hits, 0 errors, 0 left on base; University of Virginia 6 - Arizona State University 2
BOTTOM OF THE 7TH
Arizona State University Sun Devils batting - Pitching for University of Virginia Cavaliers : RHP Joe Miller
Pitching: RHP Tommy Koerner
Batting: LHB Burraga Iukini 0-0: Ball
1-0: Ball
2-0: Called Strike
2-1: Foul Ball, location: 2F
2-2: Ball
3-2: Strikes out swinging
Pinch Hitting: LHB Ricky Hernandez 0-0: SINGLE (Groundball, 6MD, EV 93.8 MPH)
Batting: RHB Jun-hyuk Leem 0-0: Ball
1-0: Swinging Strike
1-1: Called Strike
1-2: Fly out, F8 (Flyball, 8RM, EV 89.4 MPH)
Batting: RHB Kawenaula Kapali 0-0: Called Strike
0-1: Ball
1-1: Foul Ball, location: 2F
1-2: Ball
2-2: Strikes out looking
Bottom of the 7th over - 0 runs, 1 hit, 0 errors, 1 left on base; University of Virginia 6 - Arizona State University 2
TOP OF THE 8TH
University of Virginia Cavaliers batting - Pitching for Arizona State University Sun Devils : RHP Georges Pruvost
Now at 3B: Ricky Hernandez
Pinch Hitting: SHB Tim Lloyd 0-0: Ball
1-0: Foul Ball, location: 2F
1-1: Swinging Strike
1-2: Foul Ball, location: 2F
1-2: Ball
2-2: Foul Ball, location: 2F
2-2: Foul Ball, location: 2F
2-2: Ball
3-2: Ground out 4-3 (Groundball, 4S, EV 90.0 MPH)
Batting: SHB Mink Hendriks 0-0: Ball
1-0: Called Strike
1-1: Called Strike
1-2: Ball
2-2: Ball
3-2: Base on Balls
Batting: RHB Allen McCaskill 0-0: Called Strike
0-1: Called Strike
0-2: Ball
1-2: Strikes out swinging
Mink Hendriks steals 2nd, throwing error, E2
Mink Hendriks to third
Batting: RHB Jason Thresher 0-0: Ball
1-0: Called Strike
1-1: Fly out, F9 (Flyball, 9S, EV 93.1 MPH)
Top of the 8th over - 0 runs, 0 hits, 1 error, 1 left on base; University of Virginia 6 - Arizona State University 2
BOTTOM OF THE 8TH
Arizona State University Sun Devils batting - Pitching for University of Virginia Cavaliers : RHP Tommy Koerner
Now in RF: Mitchell Archdeacon
Batting: RHB Bobby Johannsen 0-0: Called Strike
0-1: Foul Ball, location: 2F
0-2: DOUBLE (Flyball, 8RD, EV 98.8 MPH)
Batting: RHB Israel Tobias 0-0: Called Strike
0-1: Swinging Strike
0-2: Ball
1-2: Strikes out swinging
Batting: LHB Dustin Gill 0-0: Foul Ball, location: 2F
0-1: Ground out 5-3 (Groundball, 56, EV 92.5 MPH)
Batting: RHB David Krebs 0-0: Ball
1-0: Ground out 4-3 (Groundball, 4, EV 103.8 MPH)
Bottom of the 8th over - 0 runs, 1 hit, 0 errors, 1 left on base; University of Virginia 6 - Arizona State University 2
TOP OF THE 9TH
University of Virginia Cavaliers batting - Pitching for Arizona State University Sun Devils : RHP Georges Pruvost
Pitching: RHP Jeremy Kaylor
Pinch Hitting: LHB Eddie Vidalez 0-0: Ball
1-0: Ball
2-0: Called Strike
2-1: Swinging Strike
2-2: Strikes out swinging
Batting: RHB Leo Baxter 0-0: Called Strike
0-1: Foul Ball, location: 2F
0-2: Foul Ball, location: 2F
0-2: Ball
1-2: Ball
2-2: Ground out 4-3 (Groundball, 4M, EV 84.4 MPH)
Pinch Hitting: RHB Rob Coble 0-0: Foul Ball, location: 2F
0-1: Ground out 5-3 (Groundball, 56S, EV 78.8 MPH)
Top of the 9th over - 0 runs, 0 hits, 0 errors, 0 left on base; University of Virginia 6 - Arizona State University 2
BOTTOM OF THE 9TH
Arizona State University Sun Devils batting - Pitching for University of Virginia Cavaliers : RHP Tommy Koerner
Pitching: RHP Moses Villas
Now at 1B: Steve Heard
Now in LF: Callum Sutherland
Pinch Hitting: RHB Rusty Gee 0-0: Called Strike
0-1: Ball
1-1: Foul Ball, location: 2F
1-2: Ball
2-2: Strikes out looking
Batting: LHB Burraga Iukini 0-0: Ball
1-0: Swinging Strike
1-1: Swinging Strike
1-2: Strikes out swinging
Batting: LHB Ricky Hernandez 0-0: Called Strike
0-1: Ball
1-1: Foul Ball, location: 2F
1-2: Strikes out looking
Bottom of the 9th over - 0 runs, 0 hits, 0 errors, 0 left on base; University of Virginia 6 - Arizona State University 2
Thursday, December 15th , 2022 - OOTP Baseball 23.9 Build 102